Map: Galactic Process LE

Players

DarthKing - Winner!

  • Race: Protoss Protoss
  • League: Gold

MaNuS

  • Race: Terran Terran
  • League: Platinum

VOD

Have the link to the VOD?

Description

Time

  • Played on: Aug. 25, 2016, 7:10 p.m.
  • Length: 14:48
Show
View Real Time Build Order
Export as new Build Order

DarthKing Protoss - Winner!

Build Orders: 1 Gate Expand 

Get SALT Encoding   

  12  0:01  Probe (Chrono Boost)  
  13  0:12  Probe (Chrono Boost)  
  14  0:19  Pylon  
  14  0:30  Probe (Chrono Boost)  
  15  0:40  Probe (Chrono Boost)  
  15  0:41  Gateway  
  16  0:51  Probe (Chrono Boost)  
  17  1:01  Probe (Chrono Boost)  
  18  1:12  Probe (Chrono Boost)  
  19  1:22  Nexus  
  19  1:29  Assimilator  
  19  1:36  Cybernetics Core  
  19  1:38  Probe (Chrono Boost)  
  20  1:44  Assimilator  
  19  1:53  Pylon  
  19  2:00  Probe (Chrono Boost)  
  20  2:08  Pylon  
  20  2:10  Probe (Chrono Boost)  
  22  2:28  Mothership Core (Chrono Boost)  
  23  2:31  Warp Gate  
  23  2:33  Gateway  
  23  2:36  Probe (Chrono Boost)  
  24  2:40  Pylon  
  24  2:43  Pylon  
  24  2:54  Probe (Chrono Boost)  
  24  2:55  Probe (Chrono Boost)  
  26  3:03  Stalker  
  28  3:09  Probe (Chrono Boost)  
  28  3:11  Probe (Chrono Boost)  
  30  3:20  Sentry  
  30  3:21  Probe (Chrono Boost)  
  33  3:31  Robotics Facility  
  33  3:40  Gateway  
  33  3:46  Stalker  
  35  3:52  Stalker  
  37  4:02  Pylon  
  41  4:26  Probe x2 (Chrono Boost)  
  41  4:37  Probe x2 (Chrono Boost)  
  41  4:40  Pylon  
  41  4:41  Stalker x2  
  41  4:44  Immortal  
  45  4:47  Probe (Chrono Boost)  
  45  4:48  Probe (Chrono Boost)  
  51  4:58  Probe (Chrono Boost)  
  51  4:59  Pylon  
  53  5:01  Probe (Chrono Boost)  
  53  5:07  Stalker  
  53  5:08  Probe (Chrono Boost)  
  53  5:10  Sentry x2  
  60  5:24  Probe (Chrono Boost)  
  60  5:26  Probe (Chrono Boost)  
  62  5:30  Assimilator  
  62  5:46  Stalker x2  
  66  6:02  Nexus  
  66  6:03  Pylon  
  66  6:06  Pylon, Assimilator  
  66  6:07  Probe (Chrono Boost)  
  66  6:09  Assimilator, Observer, Probe (Chrono Boost)  
  68  6:18  Probe (Chrono Boost)  
  70  6:21  Probe (Chrono Boost)  
  71  6:28  Probe (Chrono Boost)  
  73  6:33  Probe (Chrono Boost)  
  73  6:37  Stalker x2  
  73  6:38  Stalker  
  73  6:39  Probe (Chrono Boost)  
  80  6:45  Probe (Chrono Boost)  
  81  6:49  Probe (Chrono Boost)  
  82  6:58  Probe (Chrono Boost)  
  83  7:12  Adept  
  83  7:13  Adept x2  
  79  7:36  Probe x2 (Chrono Boost)  
  82  7:38  Probe (Chrono Boost)  
  82  7:46  Probe (Chrono Boost), Stargate  
  82  7:47  Stargate  
  82  7:49  Stargate  
  82  7:50  Probe (Chrono Boost)  
  84  7:53  Gateway  
  84  7:55  Gateway  
  84  7:57  Pylon  
  84  7:59  Probe x2 (Chrono Boost)  
  84  8:02  Pylon, Gateway, Probe (Chrono Boost)  
  84  8:03  Pylon  
  84  8:04  Pylon  
  87  8:07  Stalker x3, Assimilator, Gateway  
  87  8:10  Probe (Chrono Boost)  
  70  8:37  Stalker  
  70  8:38  Stalker x2  
  72  8:46  Void Ray x3  
  77  8:53  Twilight Council  
  77  9:01  Adept x3  
  77  9:02  Adept  
  85  9:03  Stalker  
  87  9:16  Pylon  
  87  9:21  Adept x2  
  91  9:29  Void Ray x2  
  99  9:32  Adept x3  
  99  9:33  Adept  
  99  9:35  Void Ray  
  103  10:05  Adept x2  
  103  10:06  Adept x3  
  97  10:26  Stalker x2  
  97  10:27  Stalker x3  
  102  10:32  Void Ray  
  106  10:39  Void Ray  
  108  10:46  Probe x3 (Chrono Boost)  
  111  10:56  Void Ray  
  111  10:57  Probe (Chrono Boost)  
  116  11:03  Adept x2  
  116  11:04  Adept x5  
  130  11:15  Void Ray  
  134  11:23  Void Ray  
  138  11:28  Adept  
  138  11:29  Adept x4  
  148  11:35  Assimilator x2  
  148  11:36  Nexus  
  148  12:34  Pylon  
  148  12:38  Pylon  
  148  12:41  Pylon  
  148  12:43  Pylon  
  148  12:47  Void Ray x3  
  159  13:13  Adept x6  
  171  13:30  Void Ray x3  
Show
View Real Time Build Order
Export as new Build Order

MaNuS Terran 

Build Orders: MMM Bio 

Get SALT Encoding   

  12  0:01  SCV  
  13  0:13  SCV  
  14  0:17  Supply Depot  
  14  0:27  SCV  
  15  0:39  SCV  
  15  0:41  Barracks  
  16  0:46  Refinery  
  16  0:51  SCV  
  17  1:03  SCV  
  18  1:15  SCV  
  19  1:30  Supply Depot  
  19  1:36  Barracks Reactor  
  19  1:38  Orbital Command  
  19  1:41  Engineering Bay  
  19  2:09  Command Center  
  19  2:14  Missile Turret  
  19  2:16  SCV  
  19  2:18  Marine  
  19  2:20  Marine  
  22  2:27  Terran Infantry Weapons Level 1  
  23  2:30  SCV  
  23  2:36  Marine  
  24  2:38  Marine  
  24  2:43  SCV  
  26  2:47  Refinery  
  26  2:57  SCV, Barracks  
  27  3:00  Marine x2  
  29  3:19  SCV  
  30  3:21  Orbital Command  
  30  3:23  Factory  
  30  3:33  SCV  
  31  3:35  Bunker  
  31  3:38  Marine x2  
  33  3:44  Barracks Tech Lab  
  33  3:47  Orbital Command  
  33  4:06  Barracks Tech Lab  
  33  4:09  Stimpack  
  33  4:10  Starport  
  33  4:16  Bunker  
  33  4:18  SCV x2  
  35  4:26  Marauder x2  
  35  4:28  Combat Shields  
  35  4:30  SCV  
  35  4:31  SCV  
  41  4:40  Refinery  
  41  4:48  Medivac x2  
  45  5:03  Marauder  
  45  5:04  Supply Depot x2  
  45  5:05  Refinery  
  47  5:18  Medivac  
  49  5:24  SCV  
  49  5:25  Medivac, SCV  
  53  5:29  Missile Turret  
  53  5:33  Supply Depot  
  53  5:37  Marine  
  53  5:38  Marauder  
  53  5:41  Supply Depot  
  53  5:42  Liberator  
  56  5:46  Concussive Shells  
  56  5:59  Command Center  
  56  6:02  Medivac  
  61  6:04  Marine  
  61  6:07  Marine  
  63  6:18  Liberator  
  63  6:27  Barracks  
  63  6:28  Supply Depot, SCV x2  
  63  6:31  Supply Depot  
  63  6:32  Barracks  
  68  6:42  Terran Infantry Armor Level 1  
  59  7:29  Orbital Command, Liberator  
  59  7:30  Marine, Marauder x2  
  59  7:31  Orbital Command  
  64  7:39  Barracks Tech Lab  
  64  7:48  Marine  
  68  7:52  Marauder x2  
  72  8:13  Marauder  
  72  8:19  Orbital Command  
  73  8:42  Orbital Command  
  73  8:43  Marauder x3  
  78  8:51  Liberator x2  
  78  8:53  SCV x2  
  80  9:04  Marauder  
  80  9:06  Marine  
  80  9:07  Marauder x2  
  93  9:10  Refinery  
Tags
 
Add a new tag
Caveats
  • Supply blocks, unpowered buildings, or Contaminate may cause inaccurate times.
  • Supply counts are checked every 10 seconds.